 Dungeon Crawl Stone Soup version 0.26-a0-710-g95a0c6c400 (webtiles) character file.

Game seed: 1722991691567321338

31 dickylongcocking the Sneak (level 3, -6/29 HPs)
             Began as a Demonspawn Delver on Oct 31, 2020.
             Mangled by an orc
             ... wielding a +0 flail
              (8 damage)
             ... on level 4 of the Dungeon.
             The game lasted 00:00:15 (271 turns).

dickylongcocking the Sneak (Demonspawn Delver)       Turns: 271, Time: 00:00:16

Health: -6/29      AC:  3    Str: 12    XL:     3   Next: 7%
Magic:  3/3        EV: 12    Int: 12    God:
Gold:   0          SH:  0    Dex: 14    Spells: 2/2 levels left

rFire    . . .     SeeInvis .   a - +0 short sword
rCold    . . .     Faith    .   (no shield)
rNeg     . . .     Spirit   .   b - +0 leather armour
rPois    .         Reflect  .   (no helmet)
rElec    .         Harm     .   (no cloak)
rCorr    .         Rampage  .   (no gloves)
MR       .....                  (no boots)
Stlth    ++........             (no amulet)
HPRegen  0.09/turn              (no ring)
MPRegen  0.08/turn              (no ring)

@: hasted, very quick
A: demonic guardian 1
a: no special abilities


You were on level 4 of the Dungeon.
You visited 1 branch of the dungeon, and saw 2 of its levels.

Inventory:

Hand Weapons
 a - a +0 short sword (weapon)
Armour
 b - a +0 leather armour (worn)
Wands
 g - a wand of digging (3)
Scrolls
 c - 2 scrolls of fog
 d - a scroll of magic mapping
 e - a scroll of fear


   Skills:
 - Level 3.0 Fighting
 * Level 3.2 Short Blades
 - Level 1.7 Dodging
 - Level 4.5 Stealth


You had 2 spell levels left.
You didn't know any spells.
Your spell library was empty.

Dungeon Overview and Level Annotations

Branches:
Dungeon (5/15)
 Temple: D:4-7

Altars:


Innate Abilities, Weirdness & Mutations

A weak demonic guardian rushes to your aid.


Message History

The orc is almost dead.
The orc misses you. The orc hits you with a +0 club.
You closely miss the orc.
The orc is heavily wounded.
The orc hits you with a +0 hand axe. The orc hits you with a +0 flail.
The orc hits you with a +0 club.
You are too injured to fight recklessly!
You hit the orc but do no damage.
The orc is heavily wounded.
The orc closely misses you. The orc hits you with a +0 flail!
* * * LOW HITPOINT WARNING * * *
You are too injured to fight recklessly!
You hit the orc but do no damage.
The orc is heavily wounded.
The orc closely misses you. The orc barely misses you.
You are too injured to fight recklessly!
Unknown command.
You feel yourself speed up. The orc hits you with a +0 flail!
You die...

#.......# #.$.....#
#.......# #.......#
+.....$.#
##.....#.########
#.........#.....#
#.........#.....####
#.........#.@......#
#.........oo.....#.#
#.......#..#...#.#
#.......#..#...# #
#..รท....##.#...#
#.......##>#...#
##########.#...#
#.#.... #.#


You could see 2 orcs.

Vanquished Creatures
  A hound (D:4)
1 creature vanquished.

Notes
Turn   | Place    | Note
-------+----------+-------------------------------------------
     0 | D:5      | dickylongcocking the Demonspawn Delver began the quest for
                  | the Orb.
     0 | D:5      | Reached XP level 1. HP: 18/18 MP: 1/1
    11 | D:4      | Noticed a hound
    20 | D:4      | Killed a hound
    20 | D:4      | Gained mutation: A weak demonic guardian rushes to your
                  | aid. [demonic ancestry]
    20 | D:4      | Reached XP level 2. HP: 6/24 MP: 2/2
    20 | D:4      | Reached XP level 3. HP: 8/29 MP: 3/3
   271 | D:4      | Mangled by an orc

Illustrated notes

Levels and vault maps discovered:
D:4:      layout_basic, gammafunk_ghost_grave
D:5:      layout_basic, kennysheep_mini_moat, uniq_sigmund

Skill      XL: |  1 |
---------------+----+-----
Short Blades   | 3 |  3.2
Fighting       | |  3.0
Dodging        | |  1.7
Stealth        | |  4.5

Action                   || total
-------------------------++-------
Melee: Short sword       ||    15
  Use: Potion            ||     1
 Stab: Sleeping          ||     1
Dodge: Dodged            ||    10

Table legend: (Time is in decaauts)
 A = Elapsed time spent in this place.
 B = Non-inter-level travel time spent in this place.
 C = Inter-level travel time spent in this place.
 D = Time resting spent in this place.
 E = Time spent auto-exploring this place.
 F = Levels seen in this place.
 G = Mean time per level.
                   A        B        C        D        E       F      G
               +--------+--------+--------+--------+--------+-----+--------+
         Total |    269 |    269 |      0 |    229 |      4 |   2 |  134.5 |
       Dungeon |    269 |    269 |      0 |    229 |      4 |   2 |  134.5 |
               +--------+--------+--------+--------+--------+-----+--------+

Top non-repeatable levels by time:
     D:4: 263 daAuts
     D:5: 6 daAuts
